 Dungeon Crawl Stone Soup version 0.29.1-2-gbd0b4ee654 (webtiles) character file.

Game seed: 9109744438682318822

49 DildoBatman the Conjurer (level 4, 0/32 HPs)
             Began as a Formicid Conjurer on Nov 23, 2022.
             Slain by a kobold
             ... wielding a +1 short sword of speed
              (3 damage)
             ... on level 3 of the Dungeon.
             The game lasted 00:02:34 (1160 turns).

DildoBatman the Conjurer (Formicid Conjurer)        Turns: 1160, Time: 00:02:35

Health: 0/32       AC:  2    Str: 12    XL:     4   Next: 2%
Magic:  5/8        EV: 12    Int: 19    God:
Gold:   74         SH:  0    Dex: 12    Spells: 5/8 levels left

rFire   . . .      SeeInvis +   i - +0 falchion
rCold   . . .      Faith    .   (no shield)
rNeg    . . .      Spirit   .   a - +0 robe
rPois   .          Reflect  .   (helmet unavailable)
rElec   .          Harm     .   (no cloak)
rCorr   .          Rampage  .   (no gloves)
Will    .....                   (no boots)
Stlth   ++........              (no amulet)
HPRegen 0.10/turn               (no ring)
MPRegen 0.11/turn               (no ring)

@: no status effects
A: permanent stasis, dig shafts and tunnels, antennae 3, four strong arms
a: Dig, Shaft Self


You were on level 3 of the Dungeon.
You visited 1 branch of the dungeon, and saw 3 of its levels.

You collected 74 gold pieces.

Inventory:

Hand Weapons
 d - a +0 dagger
 i - a +0 falchion (weapon)
Missiles
 e - 3 stones
 f - 8 poisoned darts
 g - 3 curare-tipped darts
Armour
 a - a +0 robe (worn)
Scrolls
 c - a scroll of magic mapping {unknown}
 h - a scroll of fog {unknown}
Potions
 b - a potion of magic
 j - a potion of mutation {unknown}
 k - a potion of curing {unknown}


   Skills:
 * Level 1.5 Fighting
 * Level 1.4 Armour
 - Level 2.0 Dodging
 - Level 2.4 Stealth
 * Level 2.7 Spellcasting
 * Level 3.9 Conjurations


You had 5 spell levels left.
You knew the following spells:

 Your Spells              Type           Power      Damage    Failure   Level
a - Searing Ray           Conj           34%        2d5       4%          2
c - Magic Dart            Conj           68%        1d6       3%          1

Your spell library contained the following spells:

 Spells                   Type           Power      Damage    Failure   Level
 Dazzling Flash           Conj/Hex       20%        N/A       22%         3
 Fulminant Prism          Conj/Hex       5%         3d7       56%         4
 Iskenderun's Mystic Bla  Conj/Tloc      10%        2d4       56%         4


Dungeon Overview and Level Annotations

Branches:
Dungeon (2/15)

Altars:


Innate Abilities, Weirdness & Mutations

You cannot be hasted, slowed, berserked, paralysed or teleported.
You can dig through walls and to a lower floor.
You have a pair of large antennae on your head. (SInv)
Your four strong arms can wield two-handed weapons with a shield.


Message History

r - Retreat! s - Stop attacking. g - Guard the area. f - Follow me.
Anything else - Cancel.
You shout for attention!
The kobold closely misses you. What are your orders? t - Shout!
Orders for allies: a - Attack new target. r - Retreat! s - Stop attacking. g - Guard the area. f - Follow me.
Anything else - Cancel.
You shout for attention!
The kobold hits you with a +1 short sword of speed.
The kobold misses you. What are your orders? t - Shout!
Orders for allies: a - Attack new target. r - Retreat! s - Stop attacking. g - Guard the area. f - Follow me.
Anything else - Cancel.
You shout for attention!
The kobold hits you with a +1 short sword of speed.
What are your orders? t - Shout!
Orders for allies: a - Attack new target. r - Retreat! s - Stop attacking. g - Guard the area. f - Follow me.
Anything else - Cancel.
You shout for attention!
The kobold hits you with a +1 short sword of speed. x2
What are your orders? t - Shout!
Orders for allies: a - Attack new target. r - Retreat! s - Stop attacking. g - Guard the area. f - Follow me.
Anything else - Cancel.
You shout for attention!
You hear a shout!
The kobold hits you with a +1 short sword of speed.
You die...

... #.. ..
.. #. #.
#.########
#.@K......
########.#
{


You could see a kobold.

Vanquished Creatures
  3 dart slugs (D:1)
  5 bats
  7 endoplasms (D:1)
  5 goblins (D:1)
  7 hobgoblins
  3 quokkas (D:1)
  3 ball pythons (D:1)
  A kobold (D:1)
  2 rats (D:1)
36 creatures vanquished.

Notes
Turn   | Place    | Note
-------+----------+-------------------------------------------
     0 | D:1      | DildoBatman the Formicid Conjurer began the quest for the
                  | Orb.
     0 | D:1      | Reached XP level 1. HP: 13/13 MP: 3/3
   152 | D:1      | Reached XP level 2. HP: 20/20 MP: 3/5
   155 | D:1      | Learned a level 2 spell: Searing Ray
   352 | D:1      | Reached skill level 1 in Fighting
   430 | D:1      | Reached skill level 1 in Armour
   430 | D:1      | Reached XP level 3. HP: 26/26 MP: 3/6
   927 | D:1      | Found a faded altar of an unknown god.
  1136 | D:2      | Reached XP level 4. HP: 32/32 MP: 2/8
  1138 | D:2      | You fall into a shaft and drop 1 floor!
  1144 | D:3      | Identified the +0 leather armour of Indomitability {Harm
                  | +Inv Str-3 Slay+3}
  1160 | D:3      | Slain by a kobold

Illustrated notes

Levels and vault maps discovered:
D:1:      dpeg_arrival_central, layout_basic,
          shapermc_ecumenical_altar_notcrosses
D:2:      layout_loops_ring, minmay_cupped
D:3:      layout_rooms, mainiacjoe_overflow_tiny_flanked,
          minmay_misc_feat_columns, minivault_25, minmay_between

Skill      XL: |  1  2 |
---------------+-------+-----
Dodging        | 2 |  2.0
Fighting       | 1 |  1.5
Armour         | 1 |  1.4
Stealth        | |  2.4
Spellcasting   | |  2.7
Conjurations   | |  3.9

Action                   |  1- 3 |  4- 6 || total
-------------------------+-------+-------++-------
Melee: Dagger            |    27 |       ||    27
       Falchion          |     3 |       ||     3
 Cast: Magic Dart        |    56 |       ||    56
       Searing Ray       |     4 |       ||     4
 Abil: Shaft Self        |       |     1 ||     1
 Stab: Sleeping          |     1 |       ||     1
Armor: Robe              |     4 |       ||     4
Dodge: Dodged            |    24 |     5 ||    29
